 Dungeon Crawl Stone Soup version 0.18-a0-1140-g8540535 (webtiles) character file.

1792 namelastname112 the Skirmisher (level 8, 0/71 HPs)
             Began as a Pale Draconian Wanderer on Jan 21, 2016.
             Slain by namelastname112's ghost (7 damage)
             ... on level 6 of the Dungeon.
             The game lasted 00:19:19 (8771 turns).

namelastname112 the Skirmisher (DrWn)               Turns: 8771, Time: 00:19:19

Health: 0/71       AC:  7    Str: 13    XL:     8   Next: 82%
Magic:  12/12      EV: 14    Int: 11    God:
Gold:   272        SH:  0    Dex: 16    Spells: 0 memorised, 7 levels left

rFire  . . .     SeeInvis +     d - +0 mace
rCold  + . .     Gourm    .     (armour unavailable)
rNeg   . . .     Faith    .     (no shield)
rPois  .         Spirit   .     (helmet restricted)
rElec  .         Dismiss  .     (no cloak)
rCorr  .         Reflect  .     (no gloves)
SustAt .         Harm     +     F - +0 pair of boots
MR     .....                    r - amulet of harm
Stlth  +.........               D - ring of see invisible
                                m - ring of protection from cold

@: not resistant to hostile enchantments, very unstealthy
A: breathe steam, unfitting armour, cold-blooded, AC +6
a: Breathe Steam


You were on level 6 of the Dungeon.
You were not hungry.

You visited 1 branch of the dungeon, and saw 8 of its levels.
You also visited: Sewer.

You collected 272 gold pieces.

Inventory:

Hand Weapons
 b - a +0 hand crossbow
 d - a +0 mace (weapon)
 o - a +0 blowgun
Missiles
 c - 29 bolts
 e - 2 bolts of frost
 s - 6 curare-tipped needles
 u - 14 bolts of flame
Armour
 a - a +1 shield
 k - a cursed +0 buckler
 F - a +0 pair of boots (worn)
Jewellery
 m - a ring of protection from cold (left hand)
 r - an amulet of harm (around neck)
 D - a ring of see invisible (right hand)
Wands
 q - a wand of fireball (3/15)
 A - a wand of confusion (6/48)
 G - a wand of random effects (28/48)
 J - a wand of slowing (19/48)
Scrolls
 l - a scroll of fear
 p - 3 scrolls of teleportation
 t - a scroll of magic mapping
 y - a scroll of immolation {unknown}
 E - a scroll of recharging {unknown}
 H - a scroll of amnesia {unknown}
 K - a scroll of identify
Potions
 i - a potion of invisibility
 j - a potion of brilliance {unknown}
 v - a potion of cancellation {unknown}
 z - a potion of cure mutation {unknown}
 B - a potion of poison {unknown}
 I - a potion of might {unknown}
 L - a potion of resistance {unknown}
Books
 x - a book of Death

   Spells                             Type                      Level
   a - Corpse Rot                     Necromancy                   2
   b - Sublimation of Blood           Necromancy                   2
   c - Agony                          Necromancy                   5
   d - Dispel Undead                  Necromancy                   5
   e - Excruciating Wounds            Charms/Necromancy            5
   f - Bolt of Draining               Conjuration/Necromancy       5
Comestibles
 f - 4 bread rations
 g - 7 fruits
 h - 2 slices of pizza
 n - 6 meat rations
 w - a beef jerky
 C - 2 royal jellies


   Skills:
 + Level 6.7 Fighting
   Level 2.0(4.7) Axes
 * Level 6.7(6.9) Maces & Flails
 - Level 2.6 Crossbows
 + Level 4.0 Dodging
 - Level 1.0 Shields
 * Level 6.3 Evocations


You had 7 spell levels left.
You didn't know any spells.

Dungeon Overview and Level Annotations

Branches:
Dungeon (8/15)
 Temple: D:4-7         Lair: D:8-11

Altars:
Gozag
Makhleb
Okawaru
Qazlal
Vehumet
The Shining One

Annotations:
D:6 namelastname112's ghost, novice VSMo


Innate Abilities, Weirdness & Mutations

You can breathe blasts of scalding, opaque steam.
Your pale cyan-grey scales are hard (AC +6).
Your body does not fit into most forms of armour.
You are cold-blooded and may be slowed by cold attacks.


Message History

The centaur resists with significant effort.
Evoking this partially-identified wand wasted a few charges.
The centaur shoots an arrow of frost.
The arrow of frost hits you!
* * * LOW HITPOINT WARNING * * *
The arrow of frost freezes you.
* * * LOW HITPOINT WARNING * * *
The centaur shoots an arrow of frost.
The arrow of frost hits you!
* * * LOW HITPOINT WARNING * * *
Drink which item? (? for menu, Esc to quit)
Okay, then.
Read which item? (? for menu, Esc to quit)
As you read the scroll of fear, it crumbles to dust.
You assume a fearsome visage.
The centaur looks frightened!
Namelastname112's ghost is unaffected.
Namelastname112's ghost assumes a wrestling stance.
You have got your breath back.
Namelastname112's ghost whispers, "Everlasting silence awaits you..."
Namelastname112's ghost says, "Let nature run its course against you!"
Namelastname112's ghost hits you.
You die...

##.## ##...##
#.# #..
#...######.##
#.# #.#
......#....# #.#
.####...##.# #.#
.## ##.###.###.#
... #.#.....#.#
#.##.#.###.#.#
.##......# #.W.#
.........###@###
#........#
##.#.##### #.#.#
#.#.# ..#.#
...#.# ≈##.#.#
≈≈ #.#.#


You could see namelastname112's ghost.

Vanquished Creatures
  Grinder (D:4)
  3 phantoms
  Purgy (Sewer)
  The ghost of Ijustatesigmund the Pure, an amateur DsAK of Lugonu (D:3)
  A big kobold (D:5)
  A giant frog (D:6)
  A scorpion (D:5)
  A giant frog zombie (D:4)
  A hound (D:5)
  2 orc priests
  A jelly (D:5)
  5 iguanas
  7 orc wizards
  Ijyb (D:2)
  Natasha (thrice) (D:2)
  4 worker ants
  A hound skeleton (D:6)
  A gnoll (D:5)
  7 adders
  3 shadow imps
  An ooze (D:3)
  4 adder skeletons
  2 worms
  4 giant geckos
  16 orcs
  11 bats
  11 giant cockroaches
  19 goblins
  9 hobgoblins
  13 jackals
  30 kobolds
  A quokka (D:3)
  3 ball pythons
  2 giant gecko skeletons
  6 giant newts
  A jackal skeleton (D:4)
  A quokka skeleton (D:5)
  15 rats
195 creatures vanquished.

Notes
Turn   | Place    | Note
--------------------------------------------------------------
     0 | D:1      | namelastname112 the Draconian Wanderer began the quest for the Orb.
     0 | D:1      | namelastname112 set off with: a +0 shield, a +0 hand crossbow, 27 bolts, a potion of curing, a bread ration
     0 | D:1      | Reached XP level 1. HP: 19/19 MP: 1/1
   218 | D:1      | Reached XP level 2. HP: 22/27 MP: 2/2
   362 | D:1      | Reached skill level 4 in Fighting
   500 | D:1      | Reached skill level 1 in Maces & Flails
   969 | D:1      | Reached XP level 3. HP: 29/33 MP: 3/3
  1251 | D:2      | Noticed Natasha
  1273 | D:2      | Killed Natasha
  1273 | D:2      | Reached skill level 1 in Dodging
  1512 | D:2      | Found a burning altar of Makhleb.
  1558 | D:2      | Reached XP level 4. HP: 40/40 MP: 4/4
  1691 | D:2      | Noticed Ijyb
  1768 | D:2      | Noticed Natasha
  1770 | D:2      | Killed Natasha
  1770 | D:2      | Noticed Natasha
  1777 | D:2      | Killed Natasha
  1779 | D:2      | Killed Ijyb
  1779 | D:2      | Reached XP level 5. HP: 16/47 MP: 5/5
  2072 | D:2      | Found an iron altar of Okawaru.
  2613 | D:3      | Noticed Ijustatesigmund's ghost (amateur DsAK)
  3326 | D:3      | Killed Ijustatesigmund's ghost
  3467 | D:3      | Reached skill level 5 in Fighting
  3467 | D:3      | Reached XP level 6. HP: 51/56 MP: 7/7
  5714 | D:4      | Reached XP level 7. HP: 30/61 MP: 9/9
  5714 | D:4      | Your scales start taking on a pale cyan-grey colour.
  5983 | D:4      | Found a radiant altar of Vehumet.
  6025 | D:4      | Reached skill level 5 in Maces & Flails
  6157 | D:4      | Noticed Grinder
  6171 | D:4      | Killed Grinder
  6389 | D:4      | Reached XP level 8. HP: 57/70 MP: 11/11
  6446 | D:5      | Entered Level 5 of the Dungeon
  6482 | D:5      | Reached skill level 6 in Fighting
  6495 | D:5      | Found a glowing golden altar of the Shining One.
  6655 | D:5      | Reached skill level 5 in Evocations
  6915 | D:5      | Found a glowing drain.
  6920 | Sewer    | Entered a sewer
  7105 | Sewer    | Noticed Purgy
  7116 | Sewer    | Killed Purgy
  7876 | D:6      | Found an opulent altar of Gozag.
  7922 | D:6      | You fall through a shaft for 2 floors!
  8002 | D:7      | Found a stormy altar of Qazlal.
  8127 | D:6      | Noticed namelastname112's ghost (novice VSMo)
  8394 | D:6      | HP: 3/71 [namelastname112's ghost (17)]
  8750 | D:6      | HP: 3/71 [centaur/arrow of frost (12)]
  8771 | D:6      | Slain by namelastname112's ghost

Vault maps used:
D:1:      roderic_chinese_lattice_arrival
D:2:      kennysheep_goblin_castle, lemuel_crystal_altar, lemuel_crystal_altar,
          first_bread, st_stairs_12, uniq_natasha
D:3:      serial_curves, eino_curves_03, eino_curves_03
D:4:      kennysheep_mini, minmay_misc_feat_secret_circle,
          kennysheep_generic_room_10, uniq_grinder
D:5:      kennysheep_kobold_camp, tso_oasis_becter, portal_sewer_entry_e,
          st_stairs_11
D:6:      fedhas_altar_4, grunt_gozag_breadcrumbs, elyvilon_altar_4,
          minmay_temple_entry_poolview
D:7:      grunt_qazlal_clouds, uniq_duvessa
D:8:      hangedman_tree_tricks
Sewer:    sewer_the_crocodile

Action                   |  1- 3 |  4- 6 |  7- 9 || total
-------------------------+-------+-------+-------++-------
Melee: Dagger            |   171 |   329 |       ||   500
       Mace              |       |       |   209 ||   209
 Fire: Hand crossbow     |    12 |   110 |    33 ||   155
 Abil: Breathe Steam     |       |       |    21 ||    21
Evoke: Wand              |       |     1 |     2 ||     3
  Use: Potion            |     1 |     4 |       ||     5
       Scroll            |       |     3 |     5 ||     8
 Stab: Sleeping          |     1 |     1 |     1 ||     3
       Invisible         |       |     4 |       ||     4
  Eat: Chunk             |     1 |    10 |     8 ||    19
       Meat ration       |       |     1 |       ||     1
       Bread ration      |       |       |     1 ||     1
